2109 views
Uploaded 2023-09-22 14:55:01
Game version 1.36 (6115)
21:54 long 2on2 ladder game on (4)ShatteredExile_S2_v2.4
Saved by GIGA
2109 views
Uploaded 2023-09-22 14:55:01
Game version 1.36 (6115)
21:54 long 2on2 ladder game on (4)ShatteredExile_S2_v2.4


75 units @ 7.8k
/ 1.2k
110 buildings @ 6.6k
/ 3.2k
GIGA
(207)
(21:43) : 


| Scroll of Regeneration | 2 | 200 |
| Boots of Speed | 1 | 250 |
| total: | 3 | 450g |
| Peasant | 12 | 900 | / | 0 |
| Footman | 5 | 675 | / | 0 |
| Goblin Shredder | 1 | 375 | / | 100 |
| total: | 18 | 1950g | / | 100w |
| Scout Tower | 35 | 1050 | / | 700 |
| Arcane Tower | 5 | 350 | / | 250 |
| Guard Tower | 15 | 1050 | / | 750 |
| Altar of Kings | 1 | 180 | / | 50 |
| Farm | 4 | 320 | / | 80 |
| Barracks | 1 | 160 | / | 60 |
| Lumber Mill | 2 | 240 | / | 0 |
| Arcane Vault | 1 | 130 | / | 30 |
| Gryphon Aviary | 1 | 140 | / | 150 |
| Arcane Sanctum | 1 | 150 | / | 140 |
| Keep | 1 | 320 | / | 210 |
| Castle | 1 | 360 | / | 210 |
| total: | 46 | 2370g | / | 1210w |
| 0:03 | Peasant |
| 0:03 | Peasant |
| 0:09 | Altar of Kings |
| 0:12 | Farm |
| 0:21 | Peasant |
| 0:33 | Barracks |
| 0:37 | Peasant |
| 0:42 | Farm |
| 0:54 | Peasant |
| 1:07 | Peasant |
| 1:15 | Lumber Mill |
| 1:19 | Peasant |
| 1:28 | Peasant |
| 1:39 | Farm |
| 1:48 | Footman |
| 1:58 | Peasant |
| 2:09 | Improved Lumber Harvesting |
| 2:20 | Scout Tower |
| 2:32 | Storm Bolt |
| 2:35 | Footman |
| 2:38 | Footman |
| 2:40 | Peasant |
| 2:41 | Peasant |
| 2:51 | Arcane Tower |
| 2:53 | Scout Tower |
| 3:09 | Arcane Vault |
| 3:15 | Footman |
| 3:21 | Guard Tower |
| 3:26 | Scout Tower |
| 3:45 | Peasant |
| 3:46 | Footman |
| 3:52 | Bash |
| 4:01 | Guard Tower |
| 4:48 | Keep |
| 4:50 | Scroll of Regeneration |
| 4:56 | Scout Tower |
| 4:56 | Scout Tower |
| 4:57 | Scout Tower |
| 4:58 | Scout Tower |
| 5:26 | Scout Tower |
| 5:29 | Guard Tower |
| 5:31 | Scout Tower |
| 5:32 | Scout Tower |
| 5:33 | Scout Tower |
| 5:34 | Scout Tower |
| 5:51 | Improved Masonry |
| 5:55 | Scout Tower |
| 5:56 | Scout Tower |
| 5:57 | Guard Tower |
| 6:35 | Guard Tower |
| 6:39 | Farm |
| 6:55 | Boots of Speed |
| 7:37 | Scout Tower |
| 7:41 | Guard Tower |
| 7:53 | Scroll of Regeneration |
| 7:57 | Storm Bolt |
| 8:00 | Guard Tower |
| 9:25 | Arcane Tower |
| 9:34 | Scout Tower |
| 9:36 | Scout Tower |
| 9:38 | Castle |
| 9:40 | Advanced Masonry |
| 9:43 | Holy Light |
| 9:48 | Guard Tower |
| 9:50 | Scout Tower |
| 9:51 | Scout Tower |
| 9:51 | Scout Tower |
| 9:53 | Scout Tower |
| 9:55 | Scout Tower |
| 10:08 | Gryphon Aviary |
| 10:40 | Arcane Tower |
| 10:42 | Guard Tower |
| 10:45 | Scout Tower |
| 10:47 | Scout Tower |
| 10:50 | Scout Tower |
| 10:51 | Scout Tower |
| 10:55 | Guard Tower |
| 11:10 | Goblin Shredder |
| 11:22 | Lumber Mill |
| 11:39 | Arcane Tower |
| 12:58 | Imbued Masonry |
| 13:00 | Cloud |
| 13:53 | Scout Tower |
| 13:56 | Scout Tower |
| 14:00 | Scout Tower |
| 14:04 | Scout Tower |
| 14:33 | Brilliance Aura |
| 14:50 | Guard Tower |
| 15:03 | Guard Tower |
| 15:05 | Guard Tower |
| 15:56 | Arcane Sanctum |
| 16:03 | Scout Tower |
| 16:03 | Scout Tower |
| 16:04 | Scout Tower |
| 16:05 | Scout Tower |
| 16:34 | Scout Tower |
| 16:37 | Guard Tower |
| 17:10 | Magic Sentry |
| 18:09 | Arcane Tower |
| 18:11 | Guard Tower |
| 21:42 | Divine Shield |
| Right click | 1291 |
| Select group | 623 |
| Select | 347 |
| Build/train/purchase | 66 |
| Resource trade | 44 |
| Assign group | 21 |
| Misc. action | 18 |
| Use ability | 18 |
| Minimap ping | 4 |
| Esc | 2 |


| Dust of Appearance | 1 | 75 |
| total: | 1 | 75g |
| Peasant | 20 | 1500 | / | 0 |
| Footman | 6 | 810 | / | 0 |
| Mortar Team | 5 | 900 | / | 350 |
| Flying Machine | 26 | 2600 | / | 780 |
| total: | 57 | 5810g | / | 1130w |
| Scout Tower | 36 | 1080 | / | 720 |
| Arcane Tower | 8 | 560 | / | 400 |
| Guard Tower | 7 | 490 | / | 350 |
| Altar of Kings | 2 | 360 | / | 100 |
| Farm | 19 | 1520 | / | 380 |
| Barracks | 1 | 160 | / | 60 |
| Lumber Mill | 1 | 120 | / | 0 |
| Town Hall | 1 | 385 | / | 205 |
| Blacksmith | 1 | 140 | / | 60 |
| Workshop | 3 | 420 | / | 420 |
| Keep | 1 | 320 | / | 210 |
| Castle | 1 | 360 | / | 210 |
| total: | 64 | 4185g | / | 1945w |
| 0:03 | Peasant |
| 0:05 | Altar of Kings |
| 0:10 | Peasant |
| 0:17 | Peasant |
| 0:19 | Farm |
| 0:20 | Farm |
| 0:22 | Peasant |
| 0:29 | Barracks |
| 1:17 | Peasant |
| 1:24 | Peasant |
| 1:30 | Farm |
| 1:31 | Footman |
| 1:36 | Peasant |
| 1:51 | Farm |
| 1:59 | Lumber Mill |
| 2:13 | Peasant |
| 2:15 | Storm Bolt |
| 2:27 | Peasant |
| 2:28 | Scout Tower |
| 2:29 | Scout Tower |
| 2:31 | Footman |
| 2:51 | Peasant |
| 3:27 | Arcane Tower |
| 3:29 | Peasant |
| 3:30 | Footman |
| 3:30 | Footman |
| 3:36 | Farm |
| 4:15 | Footman |
| 4:16 | Footman |
| 4:23 | Improved Masonry |
| 4:25 | Improved Lumber Harvesting |
| 4:26 | Peasant |
| 4:33 | Bash |
| 4:42 | Scout Tower |
| 4:43 | Scout Tower |
| 4:44 | Scout Tower |
| 5:03 | Town Hall |
| 5:06 | Scout Tower |
| 5:07 | Scout Tower |
| 5:08 | Scout Tower |
| 5:09 | Scout Tower |
| 5:10 | Scout Tower |
| 5:10 | Scout Tower |
| 5:11 | Scout Tower |
| 5:15 | Guard Tower |
| 5:16 | Peasant |
| 5:16 | Peasant |
| 5:52 | Guard Tower |
| 5:55 | Scout Tower |
| 5:56 | Scout Tower |
| 5:56 | Scout Tower |
| 6:14 | Dust of Appearance |
| 6:28 | Guard Tower |
| 6:30 | Scout Tower |
| 6:31 | Scout Tower |
| 6:39 | Peasant |
| 6:39 | Peasant |
| 6:42 | Peasant |
| 6:42 | Peasant |
| 7:00 | Storm Bolt |
| 7:05 | Guard Tower |
| 7:09 | Keep |
| 7:11 | Guard Tower |
| 7:35 | Guard Tower |
| 7:39 | Blacksmith |
| 7:44 | Scout Tower |
| 7:48 | Scout Tower |
| 7:50 | Advanced Masonry |
| 8:30 | Guard Tower |
| 8:43 | Scout Tower |
| 8:44 | Scout Tower |
| 8:47 | Scout Tower |
| 8:47 | Scout Tower |
| 9:24 | Black Gunpowder |
| 9:25 | Arcane Tower |
| 9:33 | Castle |
| 9:49 | Workshop |
| 9:56 | Arcane Tower |
| 9:58 | Scout Tower |
| 10:32 | Arcane Tower |
| 10:35 | Peasant |
| 10:41 | Holy Light |
| 10:44 | Imbued Masonry |
| 10:45 | Advanced Lumber Harvesting |
| 10:50 | Workshop |
| 10:51 | Workshop |
| 10:54 | Flare |
| 11:02 | Peasant |
| 11:18 | Refined Gunpowder |
| 11:42 | Flak Cannons |
| 11:50 | Farm |
| 11:52 | Farm |
| 11:52 | Farm |
| 11:53 | Farm |
| 12:43 | Flying Machine Bombs |
| 12:44 | Fragmentation Shards |
| 12:44 | Mortar Team |
| 13:03 | Altar of Kings |
| 13:11 | Mortar Team |
| 13:12 | Mortar Team |
| 13:17 | Farm |
| 13:19 | Farm |
| 13:20 | Farm |
| 13:23 | Imbued Gunpowder |
| 13:43 | Iron Plating |
| 13:54 | Scout Tower |
| 14:00 | Farm |
| 14:01 | Farm |
| 14:05 | Scout Tower |
| 14:26 | Farm |
| 14:26 | Farm |
| 14:36 | Farm |
| 14:37 | Farm |
| 14:53 | Flying Machine |
| 14:53 | Flying Machine |
| 14:54 | Flying Machine |
| 15:14 | Mortar Team |
| 15:51 | Flying Machine |
| 15:51 | Flying Machine |
| 15:51 | Flying Machine |
| 15:51 | Flying Machine |
| 15:51 | Flying Machine |
| 16:17 | Flying Machine |
| 16:17 | Flying Machine |
| 16:17 | Flying Machine |
| 16:18 | Flying Machine |
| 16:26 | Arcane Tower |
| 16:32 | Flying Machine |
| 16:32 | Flying Machine |
| 16:32 | Flying Machine |
| 16:33 | Flying Machine |
| 16:33 | Flying Machine |
| 16:33 | Flying Machine |
| 16:33 | Flying Machine |
| 16:38 | Steel Plating |
| 17:15 | Flying Machine |
| 17:15 | Flying Machine |
| 17:25 | Scout Tower |
| 17:26 | Scout Tower |
| 17:28 | Scout Tower |
| 17:29 | Scout Tower |
| 17:45 | Flying Machine |
| 18:08 | Arcane Tower |
| 18:09 | Scout Tower |
| 18:09 | Scout Tower |
| 18:32 | Mithril Plating |
| 18:35 | Arcane Tower |
| 18:38 | Scout Tower |
| 18:38 | Scout Tower |
| 18:39 | Scout Tower |
| 18:39 | Scout Tower |
| 19:05 | Flying Machine |
| 19:05 | Flying Machine |
| 19:05 | Flying Machine |
| 19:05 | Flying Machine |
| 19:24 | Farm |
| 19:54 | Arcane Tower |
| 21:38 | Mortar Team |
| 21:41 | Divine Shield |
| Right click | 1211 |
| Select group | 440 |
| Select | 381 |
| Build/train/purchase | 128 |
| Misc. action | 38 |
| Use ability | 35 |
| Esc | 26 |
| Assign group | 25 |
| Minimap ping | 7 |
| Resource trade | 4 |
70 units @ 10.8k
/ 1.9k
33 buildings @ 5.8k
/ 2.5k



| Rod of Necromancy | 3 | 450 |
| Scroll of Town Portal | 1 | 350 |
| total: | 4 | 800g |
| Acolyte | 11 | 825 | / | 0 |
| Ghoul | 5 | 600 | / | 0 |
| Crypt Fiend | 8 | 1720 | / | 320 |
| Obsidian Statue | 3 | 600 | / | 105 |
| Meat Wagon | 6 | 1380 | / | 300 |
| Frost Wyrm | 2 | 770 | / | 240 |
| total: | 35 | 5895g | / | 965w |
| Nerubian Tower | 2 | 200 | / | 40 |
| Spirit Tower | 2 | 290 | / | 80 |
| Graveyard | 1 | 215 | / | 0 |
| Crypt | 1 | 200 | / | 50 |
| Altar of Darkness | 1 | 180 | / | 50 |
| Ziggurat | 10 | 1500 | / | 500 |
| Tomb of Relics | 1 | 130 | / | 30 |
| Necropolis | 1 | 225 | / | 0 |
| Slaughterhouse | 1 | 140 | / | 135 |
| Boneyard | 2 | 350 | / | 400 |
| Halls of the Dead | 1 | 320 | / | 210 |
| Black Citadel | 1 | 325 | / | 230 |
| total: | 18 | 2940g | / | 1165w |
| 0:04 | Acolyte |
| 0:10 | Graveyard |
| 0:16 | Crypt |
| 0:24 | Acolyte |
| 0:44 | Altar of Darkness |
| 0:58 | Ziggurat |
| 1:17 | Ghoul |
| 1:36 | Ziggurat |
| 1:53 | Ghoul |
| 1:57 | Tomb of Relics |
| 2:14 | Ghoul |
| 2:16 | Crypt Fiend |
| 2:16 | Crypt Fiend |
| 2:42 | Crypt Fiend |
| 2:54 | Death Coil |
| 3:07 | Rod of Necromancy |
| 3:07 | Rod of Necromancy |
| 3:42 | Halls of the Dead |
| 3:50 | Crypt Fiend |
| 4:16 | Ziggurat |
| 4:48 | Crypt Fiend |
| 4:50 | Nerubian Tower |
| 4:53 | Creature Attack |
| 5:12 | Unholy Aura |
| 5:21 | Crypt Fiend |
| 5:22 | Rod of Necromancy |
| 5:47 | Crypt Fiend |
| 6:29 | Ziggurat |
| 6:38 | Death Coil |
| 6:55 | Slaughterhouse |
| 7:13 | Frost Nova |
| 8:09 | Death Pact |
| 8:17 | Crypt Fiend |
| 8:18 | Black Citadel |
| 8:20 | Obsidian Statue |
| 8:53 | Ziggurat |
| 9:27 | Obsidian Statue |
| 9:27 | Obsidian Statue |
| 9:31 | Ghoul |
| 9:55 | Scroll of Town Portal |
| 10:04 | Spirit Tower |
| 10:52 | Meat Wagon |
| 11:02 | Backpack |
| 11:03 | Acolyte |
| 11:04 | Acolyte |
| 11:08 | Ziggurat |
| 11:21 | Acolyte |
| 11:32 | Acolyte |
| 11:41 | Frost Armor |
| 12:07 | Meat Wagon |
| 12:53 | Meat Wagon |
| 12:57 | Necropolis |
| 13:56 | Frost Nova |
| 14:04 | Acolyte |
| 14:04 | Acolyte |
| 15:31 | Acolyte |
| 15:31 | Acolyte |
| 15:31 | Acolyte |
| 15:38 | Destroyer Form |
| 15:48 | Web |
| 16:13 | Death Coil |
| 16:27 | Ziggurat |
| 16:28 | Ziggurat |
| 17:12 | Meat Wagon |
| 17:14 | Boneyard |
| 17:16 | Boneyard |
| 17:20 | Ziggurat |
| 17:32 | Rain of Fire |
| 18:22 | Ghoul |
| 18:26 | Meat Wagon |
| 18:26 | Meat Wagon |
| 18:54 | Freezing Breath |
| 18:55 | Frost Wyrm |
| 19:34 | Nerubian Tower |
| 19:36 | Spirit Tower |
| 19:40 | Ziggurat |
| 20:53 | Frost Wyrm |
| Right click | 547 |
| Select group | 510 |
| Select | 237 |
| Misc. action | 139 |
| Build/train/purchase | 83 |
| Assign group | 82 |
| Use ability | 36 |
| Remove unit | 5 |
| Minimap ping | 5 |
| Item give/drop | 1 |

| Staff of Preservation | 1 | 150 |
| Orb of Venom | 1 | 325 |
| Scroll of Town Portal | 1 | 350 |
| Potion of Lesser Invulnerability | 1 | 150 |
| total: | 4 | 975g |
| Wisp | 20 | 1200 | / | 0 |
| Archer | 3 | 390 | / | 30 |
| Mountain Giant | 1 | 350 | / | 100 |
| Dryad | 4 | 580 | / | 240 |
| Chimaera | 6 | 1980 | / | 420 |
| Goblin Shredder | 1 | 375 | / | 100 |
| total: | 35 | 4875g | / | 890w |
| Ancient of War | 1 | 150 | / | 60 |
| Altar of Elders | 1 | 180 | / | 50 |
| Moon Well | 6 | 1080 | / | 240 |
| Hunter's Hall | 1 | 210 | / | 100 |
| Ancient of Wonders | 1 | 90 | / | 30 |
| Tree of Life | 2 | 680 | / | 370 |
| Ancient of Lore | 2 | 310 | / | 290 |
| Chimaera Roost | 1 | 140 | / | 190 |
| Tree of Ages | 1 | 320 | / | 180 |
| Tree of Eternity | 1 | 330 | / | 200 |
| total: | 15 | 2840g | / | 1330w |
| 0:02 | Wisp |
| 0:03 | Wisp |
| 0:12 | Ancient of War |
| 0:20 | Altar of Elders |
| 0:32 | Moon Well |
| 0:34 | Wisp |
| 0:34 | Wisp |
| 0:50 | Wisp |
| 0:58 | Wisp |
| 1:23 | Archer |
| 1:35 | Moon Well |
| 1:38 | Wisp |
| 1:45 | Archer |
| 1:46 | Archer |
| 2:23 | Trueshot Aura |
| 2:49 | Tree of Ages |
| 3:16 | Hunter's Hall |
| 3:51 | Scout |
| 4:09 | Moon Well |
| 4:13 | Ancient of Wonders |
| 5:08 | Moon Well |
| 5:27 | Goblin Shredder |
| 6:16 | Moon Well |
| 6:33 | Ancient of Lore |
| 6:38 | Ancient of Lore |
| 6:46 | Wisp |
| 6:48 | Tree of Eternity |
| 6:59 | Scroll of Town Portal |
| 6:59 | Staff of Preservation |
| 7:25 | Trueshot Aura |
| 7:33 | Strength of the Wild |
| 7:34 | Reinforced Hides |
| 7:57 | Mountain Giant |
| 8:53 | Dryad |
| 9:11 | Hardened Skin |
| 9:13 | Resistant Skin |
| 9:21 | Dryad |
| 9:32 | Well Spring |
| 9:51 | Scout |
| 10:00 | Improved Strength of the Wild |
| 10:43 | Chimaera Roost |
| 10:45 | Dryad |
| 11:11 | Orb of Venom |
| 11:16 | Improved Reinforced Hides |
| 12:40 | Dryad |
| 12:43 | Chimaera |
| 12:43 | Chimaera |
| 12:46 | Corrosive Breath |
| 13:12 | Nature's Blessing |
| 13:49 | Tree of Life |
| 13:55 | Wisp |
| 14:31 | Moon Well |
| 14:58 | Chimaera |
| 15:55 | Chimaera |
| 15:55 | Chimaera |
| 15:55 | Chimaera |
| 16:38 | Tree of Life |
| 17:02 | Potion of Lesser Invulnerability |
| 17:10 | Wisp |
| 17:28 | Wisp |
| 17:28 | Wisp |
| 17:28 | Wisp |
| 17:57 | Wisp |
| 17:57 | Wisp |
| 18:12 | Trueshot Aura |
| 18:33 | Advanced Strength of the Wild |
| 18:34 | Advanced Reinforced Hides |
| 18:39 | Wisp |
| 18:39 | Wisp |
| 18:39 | Wisp |
| 18:40 | Wisp |
| 18:42 | Wisp |
| Right click | 1147 |
| Select group | 458 |
| Select | 343 |
| Build/train/purchase | 71 |
| Assign group | 58 |
| Use ability | 10 |
| Remove unit | 7 |
| Misc. action | 4 |
| Item give/drop | 3 |
| Minimap ping | 1 |
โ